AoeStats
← 青山新雨 夜观星河

Black Forest

508218389Analyzed
4v4 RM · 12d ago on Sep 21, 2026· 54m 0s· 8 players
Game mode
Random Map
Map size
Large (8 player)
Population
200
Speed
Normal
Resources
Standard
Victory
Conquest
Starting age
Dark Age
Ending age
Imperial Age
RankedLock teamsTeams togetherTeam positionsShared explorationLock speedFull tech treeHidden civsTurbo modeCheats
Victory
Defeat
🇨🇴 Vietnamese · Colombia
1170
+14
🇹🇷 Franks · Türkiye
1160
+14
🇺🇸 Vikings · United States
1124
+15
🇬🇧 Goths · United Kingdom
1077
+17
🇮🇳 Mongols · India
1150
-16
🇺🇸 Persians · United States
1122
-15
1103
-15
🇮🇳 Franks · India
1080
-14
lady_schmady
12:02 Feudal Age
17:23 Castle Age
17:05 Scale Barding Armor
17:23 Double-Bit Axe
17:31 Crossbowman
19:38 Bloodlines
29:59 Horse Collar
30:29 Bow Saw
36:04 Imperial Age
35:47 Elite Skirmisher
37:01 Conscription
36:11 Pikeman
39:39 Thumb Ring
41:42 Man-at-Arms
43:12 Citadels
42:28 Long Swordsman
44:11 Gambesons
44:55 Squires
53:46 Loom
青山新雨 夜观星河
0:46 Loom
12:50 Feudal Age
19:12 Wheelbarrow
30:45 Double-Bit Axe
36:35 Castle Age
37:48 Bow Saw
37:23 Horse Collar
46:08 Grand Trunk Road
47:08 Fletching
50:00 Hand Cart
RiGhT
6:43 Loom
11:03 Feudal Age
15:02 Castle Age
14:53 Double-Bit Axe
22:06 Horse Collar
26:11 Bow Saw
25:58 Gold Mining
26:29 Heavy Plow
28:16 Wheelbarrow
27:29 Town Watch
29:23 Gold Shaft Mining
28:39 Stone Mining
31:41 Imperial Age
29:25 Scale Barding Armor
29:13 Fletching
29:24 Padded Archer Armor
30:15 Bodkin Arrow
31:31 Stone Shaft Mining
31:09 Masonry
31:11 Careening
31:20 Leather Archer Armor
32:35 Hand Cart
32:30 Bracer
33:40 Chemistry
33:01 Ballistics
32:38 Murder Holes
32:14 Capped Ram
34:53 Conscription
34:55 Drill
34:12 Siege Ram
36:17 Bloodlines
36:07 Husbandry
36:18 Thumb Ring
36:40 Parthian Tactics
36:54 Elite Mangudai
38:25 Onager
39:54 Hoardings
41:31 Heavy Scorpion
46:36 Heavy Camel Rider
46:39 Light Cavalry
47:25 Scale Barding Armor
47:31 Forging
47:41 Hussar
48:05 Cavalier
49:10 Chain Barding Armor
50:35 Iron Casting
oawanphf2u
0:30 Loom
13:20 Feudal Age
14:34 Double-Bit Axe
19:07 Castle Age
21:06 Bow Saw
26:49 Town Watch
27:25 Pikeman
28:06 Squires
29:29 Wheelbarrow
30:58 Hand Cart
35:05 Imperial Age
34:03 Scale Barding Armor
34:09 Forging
35:00 Husbandry
35:14 Gold Mining
36:52 Gold Shaft Mining
37:04 Conscription
37:49 Cavalier
39:40 Chain Barding Armor
39:56 Iron Casting
40:19 Arson
40:40 Stone Mining
41:56 Plate Barding Armor
47:58 Blast Furnace
46:59 Scale Mail Armor
46:58 Paladin
NoobPwner
0:46 Loom
11:40 Feudal Age
11:53 Man-at-Arms
14:18 Scale Mail Armor
18:32 Forging
22:55 Wheelbarrow
22:11 Double-Bit Axe
24:09 Horse Collar
28:37 Castle Age
28:47 Pikeman
29:28 Squires
30:00 Bow Saw
29:52 Heavy Plow
30:09 Hand Cart
30:44 Iron Casting
38:14 Chain Mail Armor
40:34 Imperial Age
37:49 Town Watch
39:27 Masonry
39:38 Ballistics
39:13 Murder Holes
39:23 Anarchy
42:04 Conscription
41:05 Elite Huskarl
42:53 Blast Furnace
44:40 Gold Mining
45:37 Halberdier
Cookie Monster
1:48 Loom
12:51 Feudal Age
17:59 Castle Age
15:58 Double-Bit Axe
16:37 Horse Collar
19:56 Bow Saw
21:49 Heavy Plow
27:04 Wheelbarrow
28:32 Gold Mining
31:28 Hand Cart
33:23 Town Watch
36:51 Imperial Age
34:44 Town Patrol
36:11 Forging
36:01 Scale Mail Armor
35:52 Fletching
36:02 Padded Archer Armor
36:56 Onager
39:19 Chemistry
38:44 Ballistics
38:53 Block Printing
38:04 Elite Skirmisher
38:43 Bodkin Arrow
39:03 Leather Archer Armor
40:28 Bracer
40:58 Ring Archer Armor
40:06 Imperial Skirmisher
42:14 Two-Man Saw
41:09 Stone Mining
41:29 Thumb Ring
42:35 Iron Casting
42:15 Chain Mail Armor
hadibaaayım
1:11 Loom
11:35 Feudal Age
12:04 Double-Bit Axe
16:58 Gold Mining
17:45 Stone Mining
20:38 Castle Age
21:50 Bow Saw
22:00 Husbandry
21:21 Light Cavalry
27:08 Forging
27:03 Scale Barding Armor
30:51 Gold Shaft Mining
31:09 Iron Casting
31:30 Chain Barding Armor
32:19 Padded Archer Armor
32:09 Fletching
34:04 Caravan
34:36 Coinage
35:52 Leather Archer Armor
35:32 Bodkin Arrow
36:20 Wheelbarrow
35:31 Town Watch
36:04 Murder Holes
36:30 Ballistics
36:21 Masonry
39:52 Imperial Age
40:13 Hand Cart
39:59 Town Patrol
40:03 Cavalier
42:08 Plate Barding Armor
42:34 Blast Furnace
48:20 Paladin
54:29 Banking
HartyHart
12:15 Loom
14:02 Feudal Age
18:31 Castle Age
17:52 Gold Mining
18:20 Double-Bit Axe
27:45 Crossbowman
29:23 Town Watch
33:23 Imperial Age
32:23 Gold Shaft Mining
32:00 Bow Saw
35:06 Caravan
35:07 Arbalester
35:56 Fletching
36:07 Padded Archer Armor
37:10 Bodkin Arrow
38:36 Bracer
39:01 Leather Archer Armor
40:20 Ballistics
41:01 Chemistry
39:27 Capped Ram
40:23 Treadmill Crane
41:59 Siege Ram
Connection lost

Rejoining the realm…

Still unreachable

The connection could not be restored.

Session expired

The server has moved on; the page needs a fresh start.